 Dungeon Crawl Stone Soup version 0.19.0-11-g3fc08b3 (webtiles) character file.

651 Vasilisck the Changer (level 7, -2/55 HPs)
             Began as a Black Draconian Transmuter on Nov 5, 2016.
             Slain by a gnoll
             ... wielding a +0 spear
              (4 damage)
             ... on level 4 of the Dungeon on Nov 8, 2016.
             The game lasted 00:15:58 (4615 turns).

Vasilisck the Changer (Black Draconian Transmuter)  Turns: 4615, Time: 00:16:00

Health: -2/55      AC:  2    Str: 13    XL:     7   Next: 28%
Magic:  7/12       EV: 19    Int: 14    God:
Gold:   146        SH:  0    Dex: 17    Spells: 2 memorised, 8 levels left

rFire  . . .     SeeInvis +       - Unarmed
rCold  . . .     Gourm    .     (armour unavailable)
rNeg   . . .     Faith    .     (shield currently unavailable)
rPois  x         Spirit   .     (helmet currently unavailable)
rElec  .         Reflect  .     (cloak currently unavailable)
rCorr  .         Harm     .     (gloves currently unavailable)
MR     .....                    (boots currently unavailable)
Stlth  ++........               (no amulet)
                                (no ring)
                                p - ring of see invisible

@: short of breath, spider-form (expiring), very slightly contaminated
A: (breathe lightning), unfitting armour, (electricity resistance),
(cold-blooded), AC +6
a: End Transformation


You were on level 4 of the Dungeon.
You were very hungry.
You were a venomous arachnid creature.
You visited 1 branch of the dungeon, and saw 4 of its levels.

You collected 146 gold pieces.

Inventory:

Hand Weapons
 i - a +3 dagger of holy wrath
Missiles
 a - 74 arrows
Armour
 q - a +1 pair of boots (melded)
Jewellery
 p - a ring of see invisible (left front leg)
 t - an uncursed ring of magical power {unknown}
Wands
 o - a wand of flame (19/48)
Scrolls
 r - a scroll of identify
 s - a scroll of remove curse {unknown}
Potions
 d - a potion of flight {unknown}
 e - 3 potions of degeneration {unknown}
 f - 5 potions of curing
 h - a potion of invisibility {unknown}
 j - 2 potions of lignification
 k - a potion of agility {unknown}
 m - a potion of haste {unknown}
Books
 b - a book of Changes

   Spells                             Type                      Level
   a - Beastly Appendage              Transmutation                1
   b - Sticks to Snakes               Transmutation                2
   c - Spider Form                    Transmutation/Poison         3
   d - Ice Form                       Ice/Transmutation            4
   e - Blade Hands                    Transmutation                5
Comestibles
 c - 3 bread rations
 g - a meat ration
 l - a fruit
 n - a slice of pizza


   Skills:
 - Level 2.0 Fighting
 - Level 1.7 Dodging
 + Level 5.1 Unarmed Combat
 - Level 3.8 Spellcasting
 - Level 5.1 Transmutations
 - Level 2.0 Poison Magic


You had 8 spell levels left.
You knew the following spells:

 Your Spells              Type           Power        Failure   Level  Hunger
a - Spider Form           Tmut/Pois      ##........   32%         3    ###....
b - Sticks to Snakes      Tmut           ###.....     12%         2    ##.....


Dungeon Overview and Level Annotations

Branches:
Dungeon (4/15)
 Temple: D:4-7

Altars:
Kikubaaqudgha
Qazlal


Innate Abilities, Weirdness & Mutations

((You can breathe wild blasts of lightning.))
((Your glossy black scales are hard. (AC +6)))
You cannot fit into any form of body armour.
((You are resistant to electric shocks. (rElec)))
((You are cold-blooded and may be slowed by cold attacks.))


Message History

The bullfrog is almost dead.
The worker ant misses you. The bullfrog hits you.
You hit the bullfrog but do no damage.
The bullfrog looks as sick as possible!
The bullfrog is almost dead.
You kill the bullfrog!
Your Unarmed Combat skill increases to level 5!
The gnoll hits you from afar with a spear!
The worker ant bites you. The worker ant closely misses you.
The gnoll barely misses you. The gnoll closely misses you.
The gnoll hits you from afar with a spear.
The worker ant bites you.
You hit the gnoll.
The gnoll is poisoned.
The gnoll is heavily wounded.
The gnoll hits you with a spear.
* * * LOW HITPOINT WARNING * * *
The gnoll hits you from afar with a spear!
* * * LOW HITPOINT WARNING * * *
The gnoll hits you with a spear.
You die...

#.#.# #.#.#
#.#.########
#...........
##..####.###
#..# # . #..#
..§
....####.##.....
....$ggs>...._..
......ga..#.....
........$.# ...§
....####+## .##
... # .. .


You could see a worker ant and 3 gnolls.

Vanquished Creatures
  A bullfrog (D:4)
  2 scorpions
  The ghost of Stormleaks the Sneak, a weakling DsAs of Xom (D:3)
  A howler monkey (D:4)
  An orc priest (D:3)
  2 hounds (D:3)
  Ijyb (D:3)
  A worker ant (D:4)
  An orc wizard (D:3)
  7 gnolls
  7 adders
  An adder zombie (D:3)
  4 worms
  2 dart slugs
  3 leopard geckos
  6 orcs (D:3)
  A ball python (D:3)
  3 giant cockroaches
  8 hobgoblins
  7 jackals
  10 kobolds
  3 quokkas
  8 bats
  6 frilled lizards
  10 goblins
  8 rats
105 creatures vanquished.

Vanquished Creatures (collateral kills)
  A gnoll (D:2)
1 creature vanquished.

Vanquished Creatures (others)
  A human (D:2)
1 creature vanquished.

Grand Total: 107 creatures vanquished

Notes
Turn   | Place    | Note
-------+----------+-------------------------------------------
     0 | D:1      | Vasilisck the Draconian Transmuter began the quest for the Orb.
     0 | D:1      | Reached XP level 1. HP: 16/16 MP: 3/3
   337 | D:1      | Reached XP level 2. HP: 16/23 MP: 5/5
   344 | D:1      | Learned a level 2 spell: Sticks to Snakes
   845 | D:1      | Reached XP level 3. HP: 25/29 MP: 6/6
  1687 | D:2      | Found an ancient bone altar of Kikubaaqudgha.
  1688 | D:2      | Noticed a human
  1690 | D:2      | Killed a human
  1850 | D:2      | Reached XP level 4. HP: 25/36 MP: 1/7
  1860 | D:2      | Upgraded the game from 0.19.0-2-gae57169 to 0.19.0-11-g3fc08b3
  2180 | D:2      | Learned a level 3 spell: Spider Form
  2429 | D:3      | Noticed Ijyb
  2450 | D:3      | Reached XP level 5. HP: 27/41 MP: 1/9
  2463 | D:3      | Killed Ijyb
  2725 | D:3      | Noticed Stormleaks's ghost (weakling DsAs)
  2736 | D:3      | Killed Stormleaks's ghost
  3151 | D:3      | Reached XP level 6. HP: 48/48 MP: 11/11
  3281 | D:3      | Reached skill level 1 in Poison Magic
  4378 | D:4      | Reached skill level 5 in Transmutations
  4483 | D:4      | Your scales start taking on a glossy black colour.
  4483 | D:4      | Reached XP level 7. HP: 51/55 MP: 10/12
  4483 | D:4      | Gained mutation: You are resistant to electric shocks. (rElec) [Black Draconian growth]
  4600 | D:4      | Found a stormy altar of Qazlal.
  4613 | D:4      | Reached skill level 5 in Unarmed Combat
  4615 | D:4      | HP: 2/55 [gnoll/spear (9)]
  4615 | D:4      | Slain by a gnoll

Skill      XL: |  1  2  3  4  5  6  7 |
---------------+----------------------+-----
Fighting       | 2 |  2.0
Unarmed Combat | 4 5 |  5.1
Spellcasting   | 3 |  3.8
Transmutations | 3 4 5 |  5.1
Poison Magic   | 2 |  2.0
Dodging        | |  1.7

Action                   |  1- 3 |  4- 6 |  7- 9 || total
-------------------------+-------+-------+-------++-------
Melee: Unarmed           |   153 |   176 |    19 ||   348
       Tailslap          |    15 |     7 |       ||    22
       Dagger            |     1 |       |       ||     1
       Punch             |       |     1 |       ||     1
 Cast: Sticks to Snakes  |     3 |     4 |       ||     7
       Spider Form       |       |    20 |     3 ||    23
 Abil: Breathe Lightning |       |       |     1 ||     1
  Use: Scroll            |     5 |     2 |       ||     7
       Potion            |       |     1 |       ||     1
 Stab: Sleeping          |     4 |       |       ||     4
  Eat: Chunk             |     2 |    12 |       ||    14
       Fruit             |       |     1 |       ||     1
Armor: Skin              |    45 |    22 |     2 ||    69
Dodge: Dodged            |    93 |   130 |    16 ||   239
